 Dungeon Crawl Stone Soup version 0.29.1-1-gd02db6906a (webtiles) character file.

Game seed: 6721605050259382478

57 Ordine the Conjurer (level 3, -3/19 HPs)
             Began as a Deep Elf Conjurer on Sept 16, 2022.
             Was an Initiate of Vehumet.
             Killed from afar by Robin (10 damage)
             ... with a puff of flame
             ... on level 2 of the Dungeon.
             The game lasted 00:03:35 (2107 turns).

Ordine the Conjurer (Deep Elf Conjurer)             Turns: 2107, Time: 00:03:35

Health: -3/19      AC:  2    Str:  4    XL:     3   Next: 73%
Magic:  8/10       EV: 12    Int: 24    God:    Vehumet [......]
Gold:   80         SH:  0    Dex: 13    Spells: 6/9 levels left

rFire   . . .      SeeInvis .   (no weapon)
rCold   . . .      Faith    .   (no shield)
rNeg    . . .      Spirit   .   a - +0 robe
rPois   .          Reflect  .   (no helmet)
rElec   .          Harm     .   (no cloak)
rCorr   .          Rampage  .   (no gloves)
Will    .....                   (no boots)
Stlth   ++........              (no amulet)
HPRegen 0.06/turn               (no ring)
MPRegen 0.12/turn               (no ring)

@: no status effects
A: no striking features
a: Renounce Religion


You were on level 2 of the Dungeon.
You worshipped Vehumet.
Vehumet was noncommittal.
You visited 1 branch of the dungeon, and saw 2 of its levels.

You collected 80 gold pieces.

Inventory:

Armour
 a - a +0 robe (worn)
Scrolls
 c - a scroll of brand weapon {unknown}
 h - 2 scrolls of identify {unknown}
 i - a scroll of vulnerability {unknown}
 j - a scroll of amnesia {unknown}
 l - 2 scrolls of noise {unknown}
Potions
 b - a potion of magic
 d - a potion of flight {unknown}
 e - a potion of might {unknown}
 f - a potion of curing {unknown}
 g - 2 potions of lignification {unknown}
 k - a potion of invisibility {unknown}


   Skills:
 + Level 3.0 Dodging
 + Level 3.3 Stealth
 + Level 3.6 Spellcasting
 * Level 5.1 Conjurations


You had 6 spell levels left.
You knew the following spells:

 Your Spells              Type           Power      Damage    Failure   Level
a - Magic Dart            Conj           100%       1d8       1%          1
b - Searing Ray           Conj           56%        2d6       1%          2

Your spell library contained the following spells:

 Spells                   Type           Power      Damage    Failure   Level
 Dazzling Flash           Conj/Hex       32%        N/A       11%         3
 Fulminant Prism          Conj/Hex       8%         3d7       34%         4
 Iskenderun's Mystic Bla  Conj/Tloc      16%        2d5       34%         4


Dungeon Overview and Level Annotations

Branches:
Dungeon (2/15)

Altars:
Vehumet

Annotations:
D:2 Robin


Message History

The magic dart hits the goblin!
You kill the goblin!
You can't see any susceptible monsters within range! (Use Z to cast anyway.)
A goblin is nearby!
The magic dart hits the goblin.
The goblin is severely wounded.
The goblin shouts!
The magic dart hits the goblin.
You kill the goblin!
A ball python comes into view.
The magic dart hits the ball python.
You kill the ball python!
g - 2 sedimented blue potions (gained 1)
You now have 80 gold pieces (gained 8).
Things that are here:
a +0 dagger; a goblin corpse
Found a radiant altar of Vehumet.
There is a radiant altar of Vehumet here.
You kneel at the altar of Vehumet.
Vehumet welcomes you!
Okay, then.
There is a radiant altar of Vehumet here.
Found a robe.
You see here a +0 robe.
The magic dart hits the hobgoblin.
You kill the hobgoblin!
Vehumet accepts your kill.
A hobgoblin is nearby!
The magic dart hits the hobgoblin.
You kill the hobgoblin!
Vehumet accepts your kill.
Robin is nearby!
The magic dart hits Robin.
Robin is moderately wounded.
Robin shouts!
Robin zaps a wand.
The puff of flame hits you!
Ouch! That really hurt!
Robin zaps a wand.
The puff of flame hits you!
Ouch! That really hurt!
You die...

######## ##....... #######
##........ ##.....## #.........
##.......## #.........
#.........# ##........<
#.........# ##..........
#.........#########..........†
####.....[......@......##........
...#.........#############.......
##.......g...# #####.##
#...........# #.# ##.#.........##
#.# #..#..........## #########.##
#.##<..........# #..........#
..###$........♣♣######...........
.## ##g......♣.♣..#.............#


You could see Robin.

Vanquished Creatures
  5 orcs (D:2)
  6 ball pythons
  3 bats
  2 endoplasms (D:1)
  13 goblins
  7 hobgoblins
  2 quokkas
  4 frilled lizards (D:1)
  3 rats
45 creatures vanquished.

Notes
Turn   | Place    | Note
-------+----------+-------------------------------------------
     0 | D:1      | Ordine the Deep Elf Conjurer began the quest for the Orb.
     0 | D:1      | Reached XP level 1. HP: 10/10 MP: 6/6
   190 | D:1      | Reached XP level 2. HP: 15/15 MP: 5/8
   231 | D:1      | Learned a level 2 spell: Searing Ray
  1102 | D:2      | Noticed Robin
  1309 | D:2      | Found a faded altar of an unknown god.
  1337 | D:2      | Reached XP level 3. HP: 19/19 MP: 3/9
  1577 | D:2      | Reached skill level 5 in Conjurations
  2007 | D:2      | Found a radiant altar of Vehumet.
  2019 | D:2      | Became a worshipper of Vehumet
  2107 | D:2      | Killed from afar by Robin

Illustrated notes

Levels and vault maps discovered:
D:1:      kilobyte_arrival_exit_the_forest, layout_basic, minmay_pentomino_o2
D:2:      layout_rooms, shapermc_ecumenical_altar_totnotflames, basic_altar,
          uniq_robin

Skill      XL: |  1  2  3 |
---------------+----------+-----
Stealth        | 3 |  3.3
Dodging        | 3 |  3.0
Conjurations   | 5 |  5.1
Spellcasting   | |  3.6

Action                   || total
-------------------------++-------
Melee: Unarmed           ||     7
 Cast: Magic Dart        ||    68
Armor: Robe              ||     5
Dodge: Dodged            ||     8
